[Event "Early-Titled-Tuesday-Blitz-November-28-2023"]
[Site "Chess.com"]
[Date "2023.11.28"]
[Round "7"]
[White "Chessmissile07"]
[Black "SlavenPastar"]
[Result "1-0"]
[WhiteElo "2854"]
[BlackElo "2648"]
[TimeControl "180+1"]
[EndTime "9:22:33 PST"]
[Termination "Chessmissile07 won by checkmate"]

1. a3 b6 2. c4 Bb7 3. Nc3 g6 4. d4 Bg7 5. e4 d6 6. Be3 Nd7 7. Bd3 e5 8. d5 Ne7 9. Nge2 f5 10. g3 O-O 11. Qd2 Nc5 12. Bc2 a5 13. h4 a4 14.
h5 Ba6 15. hxg6 hxg6 16. Bh6 f4 17. Bxg7 Kxg7 18. gxf4 Rh8 19. O-O-O Bxc4 20. f5 Bxe2 21. Nxe2 Qf8 22. Rxh8 Qxh8 23. Qg5 Rf8 24. Qxe7+ Rf7 25. f6+ Kg8 26. Qe8+ Rf8 27. Qxg6+ Qg7 28. Qxg7# 1-0

[Event "Early-Titled-Tuesday-Blitz-November-28-2023"]
[Site "Chess.com"]
[Date "2023.11.28"]
[Round "7"]
[White "OneTrickPony_82"]
[Black "LUISMIGUELOV"]
[Result "1-0"]
[WhiteElo "2417"]
[BlackElo "2216"]
[TimeControl "180+1"]
[EndTime "9:22:42 PST"]
[Termination "OneTrickPony_82 won on time"]

1. d4 d5 2. c4 c6 3. Nf3 Nf6 4. cxd5 cxd5 5. Nc3 Qb6 6. a3 Nc6 7. Bf4 Bf5 8. e3 e6 9. Bb5 Be7 10. O-O O-O 11. b4 Rac8 12. Rc1 a6 13. Be2 Ne4 14. Na4 Qd8 15. Nc5 Nxc5 16. bxc5 b6 17. Bxa6 Ra8 18. Bb7 Rxa3 19. Bxc6 bxc5 20. dxc5 Be4 21. Bb5 Bxf3 22. Qxf3 Ra5 23. Qe2 Qa8 24. c6 Rc8 25. c7 Ba3 26. Rc2 Ra7 27. Bd7 1-0

[Event "Early-Titled-Tuesday-Blitz-November-28-2023"]
[Site "Chess.com"]
[Date "2023.11.28"]
[Round "7"]
[White "Roedor"]
[Black "nuadvaga"]
[Result "1/2-1/2"]
[WhiteElo "2401"]
[BlackElo "2272"]
[TimeControl "180+1"]
[EndTime "9:22:49 PST"]
[Termination "Game drawn by repetition"]

1. d4 Nf6 2. c4 c5 3. g3 cxd4 4.
Qxd4 Nc6 5. Qd1 g6 6. Bg2 Bg7 7. Nc3 O-O 8. Nf3 d6 9. O-O Bg4 10. b3 Ne4 11. Nxe4 Bxa1 12. Bh6 Bg7 13. Bxg7 Kxg7 14.
Nd4 Bd7 15. Nxc6 Bxc6 16. Qd4+ Kg8 17. h4 Qa5 18. Rd1 Qxa2 19. h5 Qxb3 20. h6 f6 21. Ng5 Bxg2 22. Kxg2 Qb6 23. Qd5+ Kh8 24. Nf7+ Kg8 25.
Ng5+ Kh8 26. Nf7+ Kg8 27. Ng5+ 1/2-1/2

[Event "Early-Titled-Tuesday-Blitz-November-28-2023"]
[Site "Chess.com"]
[Date "2023.11.28"]
[Round "7"]
[White "Alexchess1984"]
[Black "DvaHrasta"]
[Result "1-0"]
[WhiteElo "2709"]
[BlackElo "2511"]
[TimeControl "180+1"]
[EndTime "9:22:57 PST"]
[Termination "Alexchess1984 won on time"]

1. e4 c6 2. d4 d5 3. e5 c5 4. Nf3 cxd4 5. Qxd4 Nc6 6. Qf4 e6 7. Bd3 Nge7 8. O-O Ng6 9. Qg3 Bd7 10. Nc3 a6 11. h4 Nb4 12. h5 Ne7 13. Nd4 Nxd3 14. cxd3 h6 15. Be3 Nc6 16. Nxc6 bxc6 17. Na4 Qa5 18. Nb6 Rb8 19. Nxd7 Kxd7 20. b3 Qc3 21. Rac1 Qxd3 22. Qf4 f5 23. exf6 Bd6 24. Qa4 gxf6 25. Qxc6+ Ke7 26. Bc5 Bxc5 27. Qc7+ 1-0

[Event "Early-Titled-Tuesday-Blitz-November-28-2023"]
[Site "Chess.com"]
[Date "2023.11.28"]
[Round "7"]
[White "Pingah9"]
[Black "RebecaJimnz"]
[Result "1-0"]
[WhiteElo "2538"]
[BlackElo "2310"]
[TimeControl "180+1"]
[EndTime "9:22:57 PST"]
[Termination "Pingah9 won by resignation"]

1. e4 c5 2. Nc3 Nc6 3. g3 g6 4. Bg2 Bg7 5. d3 d6 6. Be3 Rb8 7. a4 a6 8. Qd2 b5 9. axb5 axb5 10. Nge2 Nd4 11. h3 b4 12. Nd1 e6 13. Nc1 Ne7 14.
c3 bxc3 15. bxc3 Ndc6 16. Bh6 O-O 17. O-O e5 18. Bxg7 Kxg7 19. Ne2 f5 20. exf5 Bxf5 21. d4 cxd4 22. cxd4 Qd7 23. g4 Bxg4 24. hxg4 Qxg4 25. Ne3 Qg5 26. dxe5 Nxe5 27. Ng3 Kg8 28. Qxd6 Nf3+ 29. Bxf3 Rbd8 30. Qe6+ Kh8 31. Bg2 1-0

[Event "Early-Titled-Tuesday-Blitz-November-28-2023"]
[Site "Chess.com"]
[Date "2023.11.28"]
[Round "7"]
[White "jcmesafischer"]
[Black "SaqoChess_Twitch"]
[Result "0-1"]
[WhiteElo "2343"]
[BlackElo "2639"]
[TimeControl "180+1"]
[EndTime "9:22:58 PST"]
[Termination "SaqoChess_Twitch won by resignation"]

1. e4 c5 2. Nf3 d6 3. d4 cxd4 4. Nxd4 Nf6 5. Nc3 g6 6. Be3 Bg7 7. f3 O-O 8. Qd2 Nc6 9. g4 Nxd4 10. Bxd4 Be6 11. h4 Qa5 12. h5 Rfc8 13. hxg6 hxg6 14. g5 Nh5 15. Bxg7 Kxg7 16. a3 Qe5 17. O-O-O Qf4 18. Bh3 Qxd2+ 19. Kxd2 Bxh3 20. Rxh3 Nf4 21. Rh4 Ne6 22.
f4 Rh8 23. Rxh8 Rxh8 24. Nd5 Nc5 25. Nxe7 Re8 26. Nd5 Rxe4 27. b4 Ne6 28. Kd3 Rd4+ 29. Ke2 Rxd5 30. Rxd5 Nxf4+ 31. Ke3 Nxd5+ 32. Kd4 Ne7 33. c4 f6 0-1

[Event "Early-Titled-Tuesday-Blitz-November-28-2023"]
[Site "Chess.com"]
[Date "2023.11.28"]
[Round "7"]
[White "Nikolakis2014"]
[Black "Elsa167"]
[Result "0-1"]
[WhiteElo "2787"]
[BlackElo "2911"]
[TimeControl "180+1"]
[EndTime "9:23:02 PST"]
[Termination "Elsa167 won by resignation"]

1. Nf3 Nf6 2. c4 g6 3. Nc3 Bg7 4. e4 d6 5. d4 Bg4 6. Be2 Bxf3 7. Bxf3 e5 8. d5 h5 9. h4 Nbd7 10. b3 a5 11. g3 Nc5 12. O-O Bh6 13. Bb2 g5 14.
hxg5 Bxg5 15. Kg2 h4 16. Rh1 Ke7 17. Bc1 Qg8 18. Nb5 Bxc1 19. Rxc1 hxg3 20. fxg3 Qg5 21. Rxh8 Rxh8 22. Qg1 Qd2+ 0-1

[Event "Early-Titled-Tuesday-Blitz-November-28-2023"]
[Site "Chess.com"]
[Date "2023.11.28"]
[Round "7"]
[White "vi_pranav"]
[Black "Quattroporte300"]
[Result "1-0"]
[WhiteElo "3034"]
[BlackElo "2415"]
[TimeControl "180+1"]
[EndTime "9:23:03 PST"]
[Termination "vi_pranav won by resignation"]

1. e4 c5 2. Nf3 d6 3. d4 cxd4 4. Nxd4 Nf6 5. Nc3 a6 6. h3 e5 7. Nf3 b5 8. a4 b4 9. Nd5 Nxd5 10.
Qxd5 Ra7 11. Be3 Be6 12. Qd2 Rb7 13. Ng5 Be7 14. Nxe6 fxe6 15. Bc4 Qc8 16. b3 O-O 17. O-O a5 18. Rad1 Kh8 19. f4 exf4 20. Bxf4 e5 21. Be3 Rf6 22. Rxf6 gxf6 23. Kh2 Qe8 24. Qd5 Rc7 25.
Bb6 Rc8 26. Rd3 Nd7 27. Bf2 Nc5 28. Rg3 h6 29. Bxc5 dxc5 30. Qb7 Kh7 31. Rg8 Rb8 32. Qxb8 1-0

[Event "Early-Titled-Tuesday-Blitz-November-28-2023"]
[Site "Chess.com"]
[Date "2023.11.28"]
[Round "7"]
[White "secretsuperstar7"]
[Black "Ariadna_Atreides"]
[Result "1-0"]
[WhiteElo "2447"]
[BlackElo "2193"]
[TimeControl "180+1"]
[EndTime "9:23:17 PST"]
[Termination "secretsuperstar7 won by resignation"]

1. c4 e5 2. Nc3 Bb4 3. Nd5 Be7 4. g3 Nf6 5. Bg2 Nxd5 6. cxd5 d6 7. d3 O-O 8. Nf3 a5 9. O-O Na6 10. Bd2 Nc5 11. d4 exd4 12. Nxd4 Bf6 13. Bc3 Re8 14. Qc2 Qe7 15. e4 Bxd4 16. Bxd4 b6 17. Rfe1 f6 18. f4 Ba6 19. e5 fxe5 20. fxe5 Nd3 21. Re3 Nxe5 22.
Bxe5 dxe5 23. d6 Qxd6 24. Bxa8 Qd4 25. Qe4 Qxb2 26. Bd5+ Kh8 27. Rae1 h6 28. Bb3 Rf8 29. Bc2 1-0

[Event "Early-Titled-Tuesday-Blitz-November-28-2023"]
[Site "Chess.com"]
[Date "2023.11.28"]
[Round "7"]
[White "PabloZarnicki"]
[Black "Laico"]
[Result "1-0"]
[WhiteElo "2550"]
[BlackElo "2342"]
[TimeControl "180+1"]
[EndTime "9:23:19 PST"]
[Termination "PabloZarnicki won by resignation"]

1. e4 e6 2. d4 d5 3. exd5 exd5 4. Nf3 Bg4 5. Bd3 Nc6 6. c3 Bd6 7. h3 Bh5 8. O-O Qd7 9. Nbd2 O-O-O 10. b4 g5 11. Qc2 Nge7 12. b5 Nb8 13. Ne5 Bxe5 14.
dxe5 Rhg8 15. Nb3 b6 16. a4 g4 17. h4 g3 18. fxg3 Rxg3 19. Nd4 Rdg8 20. Bg5 h6 21.
Bxe7 Rxg2+ 22. Qxg2 Rxg2+ 23. Kxg2 Qxe7 24. Nf5 Qxe5 25. Rae1 Qxc3 26. Ne7+ Kd7 27. Bf5+ Kd6 28. Nc8+ 1-0

[Event "Early-Titled-Tuesday-Blitz-November-28-2023"]
[Site "Chess.com"]
[Date "2023.11.28"]
[Round "7"]
[White "Crasmus"]
[Black "Herman-NY"]
[Result "0-1"]
[WhiteElo "2276"]
[BlackElo "2492"]
[TimeControl "180+1"]
[EndTime "9:23:19 PST"]
[Termination "Herman-NY won by checkmate"]

1. c4 Nf6 2. g3 g6 3. Bg2 Bg7 4. Nc3 O-O 5. d3 e5 6. Bg5 c6 7. Qd2 Qb6 8. Nf3 Re8 9. O-O d6 10. Rab1 a5 11. a3 a4 12. Qc2 Qa6 13. b4 axb3 14.
Rxb3 Nbd7 15. Rfb1 Nc5 16. Rb6 Qxa3 17. Bc1 Qa7 18.
e3 Bf5 19. Bf1 e4 20. Ne1 exd3 21. Nxd3 Nfd7 22. R6b4 Ne5 23. e4 Nf3+ 24. Kh1 Nxe4 25. Nxe4 Bxe4 26. Bg2 Bxd3 27. Qxd3 Re1+ 28. Bf1 Qxf2 29.
Be3 Qxh2# 0-1

[Event "Early-Titled-Tuesday-Blitz-November-28-2023"]
[Site "Chess.com"]
[Date "2023.11.28"]
[Round "7"]
[White "Alen_Yeremyann"]
[Black "Burovic00"]
[Result "1-0"]
[WhiteElo "2780"]
[BlackElo "2561"]
[TimeControl "180+1"]
[EndTime "9:23:20 PST"]
[Termination "Alen_Yeremyann won by resignation"]

1. e4 e6 2. Nc3 d5 3. Qe2 d4 4.
Nd1 c5 5. d3 Nc6 6. f4 e5 7. g3 h5 8. Nf3 Bd6 9. f5 g6 10. fxg6 fxg6 11. Bg2 Nge7 12. O-O O-O 13. Nf2 Kg7 14. Qd2 Ng8 15. Nh3 Bg4 16. Nhg5 Qe7 17.
h3 Bd7 18. Qe2 b5 19. Bd2 a6 20. Rf2 Nd8 21. Raf1 Ne6 22. Nxe6+ Bxe6 23. Ng5 Bd7 24. Rf7+ Rxf7 25. Rxf7+ Qxf7 26. Nxf7 Kxf7 27. c3 Be6 28. a3 Kg7 29. cxd4 cxd4 30. Qe1 Rc8 31. Bb4 Bxb4 32. Qxb4 Rc1+ 33. Kh2 Rc2 34. Qd6 Kf6 35. Qf8+ Bf7 36. Qd8+ Kg7 37. Qd6 Rxb2 38. Qxe5+ Kh7 39.
Qxd4 Ra2 40. e5 Nh6 41. g4 hxg4 42. hxg4 Be6 43. Kg3 Nxg4 44. Bh3 Rxa3 45. Bxg4 Bxg4 46. Qa7+ Kh6 47. Kxg4 Rxd3 48. e6 Rd1 49. Qe3+ Kh7 50. e7 1-0

[Event "Early-Titled-Tuesday-Blitz-November-28-2023"]
[Site "Chess.com"]
[Date "2023.11.28"]
[Round "7"]
[White "Boundless_Strike"]
[Black "chesstrainer2042"]
[Result "1-0"]
[WhiteElo "2653"]
[BlackElo "2473"]
[TimeControl "180+1"]
[EndTime "9:23:20 PST"]
[Termination "Boundless_Strike won by resignation"]

1. d4 d5 2. e4 dxe4 3. Nc3 Nf6 4. f3 e3 5. Bxe3 e6 6. Bd3 Bb4 7. a3 Bxc3+ 8. bxc3 b6 9. f4 Bb7 10. Nf3 Nbd7 11.
O-O O-O 12. Ne5 c5 13. Qe1 Qc8 14. f5 Re8 15. Qh4 Nxe5 16. dxe5 Qc6 17. Rf3 Ne4 18. f6 c4 19. Rg3 Nxg3 20. Qxh7+ 1-0

[Event "Early-Titled-Tuesday-Blitz-November-28-2023"]
[Site "Chess.com"]
[Date "2023.11.28"]
[Round "7"]
[White "LuisFSiles"]
[Black "GlavkonVVS"]
[Result "1-0"]
[WhiteElo "2357"]
[BlackElo "2529"]
[TimeControl "180+1"]
[EndTime "9:23:21 PST"]
[Termination "LuisFSiles won by resignation"]

1. e4 Nf6 2. e5 Nd5 3. c4 Nb6 4. c5 Nd5 5. Nc3 e6 6. Nxd5 exd5 7. d4 b6 8. cxb6 axb6 9. Nf3 c6 10. h4 Be7 11. h5 h6 12. Bd3 Ba6 13. Bc2 d6 14. Bf4 dxe5 15. Nxe5 O-O 16. Qg4 Bg5 17. Qf5 g6 18. hxg6 Qf6 19. gxf7+ Rxf7 20. Nxf7 Qxf5 21.
Bxf5 Bxf4 22. Nxh6+ Kg7 23. Ng4 Bg5 24. Rh7+ Kg8 25. f4 Bxf4 26. Nf6+ Kf8 27. Be6 Bg3+ 28. Kd1 1-0

[Event "Early-Titled-Tuesday-Blitz-November-28-2023"]
[Site "Chess.com"]
[Date "2023.11.28"]
[Round "7"]
[White "GothamChess"]
[Black "colegiodemadrid"]
[Result "0-1"]
[WhiteElo "2653"]
[BlackElo "2493"]
[TimeControl "180+1"]
[EndTime "9:23:26 PST"]
[Termination "colegiodemadrid won by resignation"]

1. e4 e5 2. Nc3 Nf6 3. f4 d5 4. fxe5 Nxe4 5. Qf3 Nxc3 6. dxc3 Qh4+ 7. g3 Qe4+ 8. Be3 Qxc2 9. Bb5+ c6 10. Ne2 cxb5 11. O-O Be6 12. Nd4 Qg6 13. Nxb5 Na6 14. Rae1 Be7 15.
Nd6+ Bxd6 16. exd6 O-O 17. Bf4 Rac8 18. Re5 h6 19. b4 Nb8 20. b5 Nd7 21. Re3 Nf6 22.
Be5 Ng4 23. Ree1 Nxe5 24. Rxe5 Rfd8 25. Rfe1 Rxd6 26. R1e3 Rd7 27. a4 Rdc7 0-1

[Event "Early-Titled-Tuesday-Blitz-November-28-2023"]
[Site "Chess.com"]
[Date "2023.11.28"]
[Round "7"]
[White "Actuary44"]
[Black "averageFM"]
[Result "0-1"]
[WhiteElo "2447"]
[BlackElo "2600"]
[TimeControl "180+1"]
[EndTime "9:23:27 PST"]
[Termination "averageFM won by resignation"]

1. e4 c6 2. d4 d5 3. Nc3 dxe4 4. Nxe4 Nf6 5. Ng3 h5 6. h4 Bg4 7. Be2 Bxe2 8. N1xe2 e6 9. Bg5 Nbd7 10. Nf4 Qb6 11.
Ngxh5 Nxh5 12. Nxh5 Qxb2 13. O-O f6 14. Rb1 Qxa2 15.
Bf4 Qd5 16. g4 O-O-O 17. Qd3 Nb6 18. c3 Bd6 19. Rfe1 Rxh5 20. gxh5 Bxf4 21. Qg6 Nc4 22. Qxg7 Rd7 23. Qg8+ Kc7 24. Rxe6 Nd2 25. Rxc6+ Qxc6 0-1

[Event "Early-Titled-Tuesday-Blitz-November-28-2023"]
[Site "Chess.com"]
[Date "2023.11.28"]
[Round "7"]
[White "vladgoncharov"]
[Black "Shield12"]
[Result "0-1"]
[WhiteElo "2618"]
[BlackElo "2928"]
[TimeControl "180+1"]
[EndTime "9:23:31 PST"]
[Termination "Shield12 won on time"]

1. d4 Nf6 2. c4 e6 3. Nf3 Bb4+ 4. Bd2 a5 5. g3 d5 6. Qc2 O-O 7. Bg2 Nbd7 8. O-O Be7 9. cxd5 exd5 10. Bf4 c6 11.
Nbd2 Nh5 12. Ne5 Nxf4 13. gxf4 Nf6 14. e3 Ne8 15. Nb3 Nd6 16. Nc5 Bf5 17. Qe2 g6 18.
Rac1 Re8 19. Rfd1 Bf8 20. Qf3 Bg7 21. Qg3 Re7 22. b3 Qf8 23. h4 Rae8 24. Bf3 h5 25.
Bg2 Kh7 26. Nf3 Kh8 27. a3 Bg4 28. Re1 Nf5 29. Qh2 Bxf3 30. Bxf3 Nxd4 31. Bd1 Nf5 32. Bc2 Nh6 33. b4 Bb2 34. Bd3 Bxc1 35. Rxc1 axb4 36. axb4 Ng4 37. Qg3 Qg7 38. Bf1 Qb2 39. Nd3 Qd2 40. b5 Rxe3 41. fxe3 Rxe3 42. Qg2 Rxd3 43. Qxd2 Rxd2 44.
bxc6 bxc6 45. Rxc6 Rd1 0-1

[Event "Early-Titled-Tuesday-Blitz-November-28-2023"]
[Site "Chess.com"]
[Date "2023.11.28"]
[Round "7"]
[White "alexrustemov"]
[Black "Oleksandr_Bortnyk"]
[Result "1/2-1/2"]
[WhiteElo "2874"]
[BlackElo "3058"]
[TimeControl "180+1"]
[EndTime "9:23:32 PST"]
[Termination "Game drawn by repetition"]

1. d4 d6 2. Nf3 Nf6 3. g3 g6 4. Bg2 Bg7 5. O-O O-O 6. c4 Bf5 7.
Nc3 Ne4 8. Nxe4 Bxe4 9. Be3 d5 10. Rc1 Nc6 11. b3 a5 12. Qd2 a4 13. b4 dxc4 14.
Rxc4 Bd5 15. Rc5 e6 16. a3 Bxf3 17. Bxf3 Bxd4 18. Rxc6 Bxe3 19. Qxd8 Raxd8 20. Rxc7 Bd4 21. Rxb7 Rc8 22. e3 Bb2 23. Ra7 Rc3 24. Rxa4 Bxa3 25.
Rb1 Rb8 26. b5 Bc5 27. Ra8 Rxa8 28. Bxa8 Bb6 29. Bg2 g5 30. g4 Kg7 31. h3 Kg6 32. Bf1 h5 33. Kg2 hxg4 34. hxg4 Kf6 35. Rd1 Rc2 36.
Kf3 Rb2 37. Rd6 Ba5 38. Be2 Ke5 39. Ra6 Bb4 40. Ra4 Bc5 41. Re4+ Kd5 42. Ra4 Ke5 43. Re4+ Kd5 44. Ra4 Ke5 1/2-1/2

[Event "Early-Titled-Tuesday-Blitz-November-28-2023"]
[Site "Chess.com"]
[Date "2023.11.28"]
[Round "7"]
[White "sergeikim"]
[Black "inagreV"]
[Result "1-0"]
[WhiteElo "2593"]
[BlackElo "2421"]
[TimeControl "180+1"]
[EndTime "9:23:32 PST"]
[Termination "sergeikim won on time"]

1. d4 Nf6 2. c4 c5 3. d5 d6 4.
Nc3 g6 5. e4 Bg7 6. Nge2 O-O 7.
Ng3 e6 8. Be2 exd5 9. cxd5 h5 10. Bg5 Qb6 11. Qd2 Nh7 12. Bh4 Nd7 13. O-O a6 14.
Kh1 Ndf6 15. f4 Ng4 16. h3 Nh6 17. f5 gxf5 18. exf5 Re8 19. f6 Bf8 20. Bxh5 Qb4 21.
Rf4 c4 22. a3 Qb3 23. Bd1 Qb6 24. Rxc4 Nf5 25. Bc2 1-0

[Event "Early-Titled-Tuesday-Blitz-November-28-2023"]
[Site "Chess.com"]
[Date "2023.11.28"]
[Round "7"]
[White "bescmelasti"]
[Black "platy3"]
[Result "0-1"]
[WhiteElo "2655"]
[BlackElo "2875"]
[TimeControl "180+1"]
[EndTime "9:23:36 PST"]
[Termination "platy3 won by resignation"]

1. e4 c5 2. Nf3 e6 3. d4 cxd4 4. Nxd4 Nc6 5. Nc3 Qc7 6. Ncb5 Qb8 7. Bd3 a6 8. Nxc6 bxc6 9. Nd4 Nf6 10. O-O d5 11.
Re1 Qb6 12. Be3 Bc5 13. Nb3 Bxe3 14. Rxe3 a5 15. a4 O-O 16. e5 Nd7 17. Qh5 f5 18.
Rae1 Rf7 19. Rh3 Nf8 20. Nd2 Bd7 21. Nf3 Be8 22. b3 Rb7 23. Qh4 Qd8 24. Qf4 c5 25. g4 Rb4 26. c4 Rxb3 27. Re3 d4 28. gxf5 dxe3 29. f6 Qxd3 30. Qg5 Rb1+ 31. Kg2 Qg6 32.
Kg3 0-1

[Event "Early-Titled-Tuesday-Blitz-November-28-2023"]
[Site "Chess.com"]
[Date "2023.11.28"]
[Round "7"]
[White "MeesvanOsch"]
[Black "LoveUMore"]
[Result "0-1"]
[WhiteElo "2411"]
[BlackElo "2567"]
[TimeControl "180+1"]
[EndTime "9:23:38 PST"]
[Termination "LoveUMore won on time"]

1. e4 Nc6 2. Nc3 e5 3. Nf3 Be7 4. d4 d6 5. Bb5 Bd7 6. d5 Nb8 7.
Bxd7+ Nxd7 8. Be3 Ngf6 9. h3 O-O 10.
Qe2 a5 11. a4 b6 12. Nd2 Nc5 13. g4 Nfd7 14. f3 Bh4+ 15. Bf2 g6 16. Nc4 f5 17. gxf5 gxf5 18. O-O-O fxe4 19. Nxe4 Bxf2 20. Nxf2 Qf6 21. Rhg1+ Kh8 22. Kb1 Qxf3 23. Qxf3 Rxf3 24. Ng4 Rxh3 25.
b3 Ne4 26. Rdf1 Rg8 27. Rf7 Ndf6 0-1

[Event "Early-Titled-Tuesday-Blitz-November-28-2023"]
[Site "Chess.com"]
[Date "2023.11.28"]
[Round "7"]
[White "djano"]
[Black "sumopork"]
[Result "0-1"]
[WhiteElo "2573"]
[BlackElo "2821"]
[TimeControl "180+1"]
[EndTime "9:23:39 PST"]
[Termination "sumopork won by resignation"]

1. e4 g6 2. Nc3 Bg7 3. Bc4 d6 4. d4 Nf6 5. f3 O-O 6. Bg5 c6 7.
Qd2 d5 8. Bb3 dxe4 9. fxe4 e5 10.
Nf3 exd4 11. Nxd4 h6 12. Be3 Ng4 13. O-O-O Nxe3 14. Qxe3 Qg5 15. Qxg5 hxg5 16. Rhf1 Nd7 17. Ne6 fxe6 18. Bxe6+ Kh7 19. Bxd7 Rxf1 20. Rxf1 Bxd7 21. Rf7 Rd8 22. e5 Kg8 23. e6 Bxe6 24. Rxb7 Rd7 25. Rb8+ Kf7 26. Ne4 g4 27. b3 Bf5 28. Nc5 Re7 29.
Kd2 Be5 30. Ra8 Bxh2 31. a3 Bf4+ 32. Kc3 g3 33. a4 Be3 34. b4 Bxc5 0-1

[Event "Early-Titled-Tuesday-Blitz-November-28-2023"]
[Site "Chess.com"]
[Date "2023.11.28"]
[Round "7"]
[White "ElDivis"]
[Black "NovozhilovSemen"]
[Result "1-0"]
[WhiteElo "2514"]
[BlackElo "2715"]
[TimeControl "180+1"]
[EndTime "9:23:41 PST"]
[Termination "ElDivis won by resignation"]

1. e4 c5 2. Nf3 Nc6 3. d4 cxd4 4. Nxd4 Nf6 5. Nc3 d6 6. Bg5 e6 7. Qd2 a6 8. O-O-O Bd7 9. Nxc6 Bxc6 10. f3 Be7 11. h4 h6 12. Bf4 h5 13. Bxd6 Bxd6 14.
Qxd6 Qxd6 15. Rxd6 Ke7 16. Rd2 b5 17. a3 Nd7 18. Ne2 Ne5 19. Nd4 Bb7 20. Be2 Rhd8 21. Rhd1 Ng6 22. g3 Rac8 23. Nb3 Rxd2 24. Kxd2 Ne5 25. c3 f5 26. exf5 Nxf3+ 27. Bxf3 Bxf3 28.
Re1 e5 29. Rxe5+ Kf7 30. Nd4 Bg4 31. Ke3 Ra8 32. Kf4 Rb8 33. Rc5 Rb7 34. Ne6 Kf6 35. Rc6 Ra7 36. Nc5+ Kf7 37. Rxa6 Rc7 38. Ne4 Rd7 39.
Rd6 Rc7 40. Ng5+ Ke7 41. Re6+ Kf8 42. Re5 Rc4+ 43. Re4 Rc6 44. Ne6+ Kf7 45. Nd8+ 1-0

[Event "Early-Titled-Tuesday-Blitz-November-28-2023"]
[Site "Chess.com"]
[Date "2023.11.28"]
[Round "7"]
[White "jamengrand"]
[Black "Aslanov_Umid"]
[Result "0-1"]
[WhiteElo "2267"]
[BlackElo "2520"]
[TimeControl "180+1"]
[EndTime "9:23:47 PST"]
[Termination "Aslanov_Umid won by resignation"]

1. e4 c5 2. Nf3 d6 3. d4 cxd4 4.
Nxd4 Nf6 5. Nc3 a6 6. Bg5 e6 7.
Qe2 Be7 8. f4 Qc7 9. O-O-O O-O 10. g4 b5 11. a3 Bb7 12. Rg1 Nc6 13. Nxc6 Bxc6 14. Bh4 Qb6 15. Bf2 Qb7 16. Bg2 b4 17. axb4 Qxb4 18. g5 Rab8 19. gxf6 Bxf6 20. e5 dxe5 21.
fxe5 Qxb2+ 22. Kd2 Rfd8+ 23. Nd5 Bxd5 24. Bxd5 Rxd5+ 25. Ke1 Rxe5 26. Be3 Qc3+ 27. Kf2 Bh4+ 28. Kf3 Qc6+ 29. Kg4 Qe4+ 30. Kh3 Bf6 31. Rg3 h5 32. Qg2 Qf5+ 0-1

[Event "Early-Titled-Tuesday-Blitz-November-28-2023"]
[Site "Chess.com"]
[Date "2023.11.28"]
[Round "7"]
[White "DonCiao"]
[Black "Tsomaia_Nikoloz"]
[Result "0-1"]
[WhiteElo "2114"]
[BlackElo "2349"]
[TimeControl "180+1"]
[EndTime "9:23:47 PST"]
[Termination "Tsomaia_Nikoloz won by resignation"]

1. c4 Nf6 2. g3 g6 3. Bg2 Bg7 4. Nc3 O-O 5. e4 d6 6. Nge2 e5 7. O-O Nbd7 8. d3 c6 9. h3 Nh5 10. Be3 f5 11. exf5 gxf5 12. f4 Qf6 13. Qd2 Qg6 14.
Kh2 Kh8 15. Rae1 Rg8 16. Bf3 Ndf6 17. Rg1 Bd7 18. b4 a6 19. a4 Rae8 20. b5 Bh6 21.
bxa6 bxa6 22. Rb1 Rb8 23. Rxb8 Rxb8 24. fxe5 Bxe3 25. Qxe3 dxe5 26. Qxe5 Re8 27. Qd4 Qg7 28. Nf4 Ng4+ 29. hxg4 Qxd4 30. Nce2 Qf2+ 31. Rg2 Qxf3 32.
Nxh5 Rxe2 0-1

[Event "Early-Titled-Tuesday-Blitz-November-28-2023"]
[Site "Chess.com"]
[Date "2023.11.28"]
[Round "7"]
[White "psychokiller48"]
[Black "AlexTruskavetsky"]
[Result "1-0"]
[WhiteElo "2704"]
[BlackElo "2477"]
[TimeControl "180+1"]
[EndTime "9:23:48 PST"]
[Termination "psychokiller48 won by checkmate"]

1. e4 c5 2. Nf3 Nc6 3. d4 cxd4 4. Nxd4 Nf6 5. Nc3 e6 6. Nxc6 bxc6 7. e5 Nd5 8. Ne4 f5 9. Nd6+ Bxd6 10. exd6 Qa5+ 11. Bd2 Qc5 12. c4 Nb6 13. Be3 Qb4+ 14. Qd2 Qxd2+ 15. Kxd2 O-O 16. f4 Ba6 17. b3 Nc8 18. Bc5 Kf7 19. Bd3 Rg8 20. g3 Nb6 21. Kc3 g5 22. fxg5 Rxg5 23. Rhf1 Rag8 24. a4 Nc8 25. Rae1 Rh5 26.
Re2 Rg6 27. Rf4 Rgh6 28. h4 Rg6 29. Re3 Kf6 30. Bd4+ Kf7 31. c5 Bxd3 32. Kxd3 a6 33. Be5 Rg4 34. Ref3 Rxf4 35. Bxf4 Kf6 36. Re3 Kg6 37.
Kc4 Kf6 38. Kb4 e5 39. Rxe5 Kf7 40. Ka5 Kf6 41. Re8 Na7 42. Kxa6 Nb5 43. axb5 cxb5 44. c6 Rh6 45. Bxh6 Kf7 46. cxd7 Kg6 47. d8=Q Kxh6 48.
Qg5# 1-0

[Event "Early-Titled-Tuesday-Blitz-November-28-2023"]
[Site "Chess.com"]
[Date "2023.11.28"]
[Round "7"]
[White "Nf3c5"]
[Black "KNVB"]
[Result "1-0"]
[WhiteElo "2508"]
[BlackElo "2700"]
[TimeControl "180+1"]
[EndTime "9:23:49 PST"]
[Termination "Nf3c5 won on time"]

1. d4 e5 2. dxe5 Nc6 3. Nf3 Qe7 4. Bf4 Qb4+ 5. Nc3 Qxf4 6. Nd5 Qe4 7. Nxc7+ Kd8 8.
Nxa8 Nxe5 9. Qd2 Nc4 10. Qc3 Nf6 11. e3 b5 12. Ng5 Qd5 13. h4 Ne4 14. Nxe4 Qxe4 15.
Bxc4 Qxc4 16. Qa5+ Ke8 17. Nc7+ Ke7 18. O-O-O g6 19.
Nd5+ Ke6 20. Qd8 1-0

[Event "Early-Titled-Tuesday-Blitz-November-28-2023"]
[Site "Chess.com"]
[Date "2023.11.28"]
[Round "7"]
[White "Der_Balak_3Halak"]
[Black "Barmen_EV"]
[Result "1-0"]
[WhiteElo "2314"]
[BlackElo "2485"]
[TimeControl "180+1"]
[EndTime "9:23:50 PST"]
[Termination "Der_Balak_3Halak won by checkmate"]

1. b3 f5 2. Bb2 Nf6 3. e3 g6 4.
Nf3 Bg7 5. c4 O-O 6. Nc3 d6 7. d4 Qe8 8. d5 a5 9. Be2 Na6 10. O-O Bd7 11. Nd4 c6 12. Bf3 Nc5 13. a3 g5 14. b4 axb4 15. axb4 Rxa1 16. Bxa1 Nce4 17. dxc6 bxc6 18. b5 c5 19. Nde2 Nxc3 20. Nxc3 g4 21. Bd5+ Nxd5 22. Nxd5 e5 23. Nb6 Qe7 24.
Nxd7 Qxd7 25. Qd5+ Kh8 26. Rd1 f4 27. Qxd6 Qe8 28.
exf4 Rxf4 29. Qd8 Qg8 30. b6 Rxc4 31. Qxg8+ Kxg8 32. b7 Rb4 33. Rd8+ Bf8 34. b8=Q Rxb8 35. Rxb8 Kf7 36. Bxe5 c4 37. Rb7+ Ke6 38. Bc3 h5 39.
Rh7 Kd5 40. Rxh5+ Ke4 41. Rh8 Bd6 42. Re8+ Kf5 43. f3 g3 44. hxg3 Bxg3 45. Kf1 Bh4 46.
Ke2 Kf4 47. Re4+ Kg3 48. Rg4+ Kh2 49. Rxh4+ Kg1 50. Bd4+ Kxg2 51. Rg4+ Kh3 52. Kf2 c3 53. Bf6 c2 54. Rh4# 1-0

[Event "Early-Titled-Tuesday-Blitz-November-28-2023"]
[Site "Chess.com"]
[Date "2023.11.28"]
[Round "7"]
[White "Grischuk"]
[Black "Cayse"]
[Result "1-0"]
[WhiteElo "3057"]
[BlackElo "2858"]
[TimeControl "180+1"]
[EndTime "9:23:51 PST"]
[Termination "Grischuk won by resignation"]

1. d4 d5 2. c4 e6 3. Nc3 Nf6 4. Bg5 Nbd7 5. e3 Be7 6. Qc2 O-O 7. cxd5 exd5 8. Bd3 c6 9. Nf3 Re8 10. O-O Nf8 11.
h3 g6 12. Bh6 Ne6 13. Ne5 Ng7 14. g4 Nd7 15. f4 Nxe5 16. dxe5 Bf8 17. Qf2 Ne6 18.
Bxf8 Nxf8 19. Rad1 f6 20. exf6 Qxf6 21. e4 dxe4 22.
Nxe4 Qg7 23. f5 gxf5 24. Nd6 Rd8 25. Bxf5 Bxf5 26. Nxf5 Qf6 27. Qf4 Kh8 28. g5 Qxb2 29.
Rb1 Qd2 30. Qe5+ 1-0